 Dungeon Crawl Stone Soup version 0.23.2-30-g0e89c35 (webtiles) character file.

Game seed: 376537215025500632

280 Fang the Skirmisher (level 6, -1/39 HPs)
             Began as a Gargoyle Berserker on June 12, 2019.
             Was a Priest of Trog.
             Slain by a hound (5 damage)
             ... on level 4 of the Dungeon.
             The game lasted 00:02:17 (3034 turns).

Fang the Skirmisher (Gargoyle Berserker)            Turns: 3034, Time: 00:02:17

Health: -1/39      AC:  6    Str: 23    XL:     6   Next: 27%
Magic:  6/6        EV: 12    Int:  7    God:    Trog [***...]
Gold:   102        SH:  0    Dex:  9    Spells: 5/5 levels left

rFire    . . .     SeeInvis .   a - +0 hand axe
rCold    . . .     Gourm    .   (no shield)
rNeg     + . .     Faith    .   b - +0 animal skin
rPois    ∞         Spirit   .   (no helmet)
rElec    +         Reflect  .   (no cloak)
rCorr    .         Harm     .   (no gloves)
MR       .....                  (no boots)
Stlth    +.........             (no amulet)
HPRegen  0.13/turn              j - ring of flight
MPRegen  0.10/turn              (no ring)

@: berserk cooldown
A: negative energy resistance 1, electricity resistance, unbreathing,
petrification resistance, rot immunity, AC +4
a: Berserk, Trog's Hand, Renounce Religion, Evoke Flight


You were on level 4 of the Dungeon.
You worshipped Trog.
Trog was most pleased with you.
You were very hungry.

You visited 1 branch of the dungeon, and saw 4 of its levels.

You collected 102 gold pieces.

Inventory:

Hand Weapons
 a - a +0 hand axe (weapon)
Armour
 b - a +0 animal skin (worn)
Jewellery
 j - a ring of flight (left hand)
 s - an uncursed ring of see invisible {unknown}
Scrolls
 e - 7 scrolls of identify {unknown}
 h - a scroll of remove curse {unknown}
 k - a scroll of amnesia {unknown}
 l - a scroll of enchant armour {unknown}
 m - a scroll of random uselessness {unknown}
 q - a scroll of enchant weapon {unknown}
 u - a scroll of fog {unknown}
Potions
 d - a potion of degeneration {unknown}
 f - 2 potions of cancellation {unknown}
 i - a potion of curing {unknown}
 n - a potion of mutation {unknown}
 o - 2 potions of lignification {unknown}
 p - a potion of agility {unknown}
 r - a potion of haste {unknown}
 t - 3 potions of might {unknown}
Comestibles
 c - 3 rations
 g - a chunk of flesh


   Skills:
 + Level 4.6 Fighting
 + Level 3.9 Axes
 + Level 3.9 Armour
 + Level 2.9 Dodging


You had 5 spell levels left.
You didn't know any spells.
Your spell library was empty.

Dungeon Overview and Level Annotations

Branches:
Dungeon (4/15)
 Temple: D:4-7

Altars:
Elyvilon
Okawaru
Qazlal
Trog
Wu Jian
Zin


Innate Abilities, Weirdness & Mutations

You are resistant to torment.
Your stone body is resilient. (AC +4)
You are immune to poison.
You resist negative energy. (rN+)
You are resistant to electric shocks. (rElec)
You can survive without breathing.
You are immune to petrification.
You are immune to rotting.


Message History

A ball python comes into view.
The hound bites you.
You hear some strange, mumbled words.
A puff of frost appears from out of thin air!
The puff of frost hits you.
A worker ant comes into view.
You closely miss the orc priest.
The worker ant twitches its antennae in your direction.
The ball python hisses angrily.
You hit something. You miss the hound. The hound bites you but does no damage.
You hear some strange, mumbled words.
A puff of flame appears from out of thin air!
The puff of flame hits you!
* * * LOW HITPOINT WARNING * * *
The orc priest closely misses you. The hound bites you.
* * * LOW HITPOINT WARNING * * *
The hound bites you but does no damage. Something hits you but does no damage.
The worker ant waves its antennae.
The hound bites you.
You die...

.# ....### ##.##.### ###......
... #...###..##...## #........
..#####.......#####..###÷.......
#...........## ##............ .
#.......#....#### #######.♣♣._.
#.#.........#.....# ###.♣♣♣
#.....)....####....# ##
#......)...#####.#..
#.............##@# .
#..........##oOh.##.##
#.#.......#####.o.o..# .
#........# ####o.....
#.........# #.S... #.######..#
#..#. ... #..# #a.. .## #..# #>#
..


You could see an ogre, a hound, a worker ant, 2 orc priests and an orc.

Vanquished Creatures
  Crazy Yiuf (D:3)
  A hound (D:4)
  An orc wizard (D:4)
  Jessica (D:3)
  A worker ant (D:4)
  A hound skeleton (D:4)
  2 adders
  An ooze (D:3)
  2 worms
  4 dart slugs
  5 leopard geckos
  7 orcs
  2 ball pythons
  5 giant cockroaches
  6 goblins
  8 hobgoblins
  5 jackals
  A quokka (D:3)
  13 bats
  5 frilled lizards
  9 kobolds
  9 rats
90 creatures vanquished.

Notes
Turn   | Place    | Note
-------+----------+-------------------------------------------
     0 | D:1      | Fang the Gargoyle Berserker began the quest for the Orb.
     0 | D:1      | Reached XP level 1. HP: 14/14 MP: 1/1
    41 | D:1      | Reached XP level 2. HP: 14/19 MP: 2/2
   219 | D:1      | Reached ** piety under Trog
   319 | D:1      | Reached XP level 3. HP: 22/23 MP: 3/3
   829 | D:2      | Found a bloodstained altar of Trog.
   972 | D:2      | Found a stormy altar of Qazlal.
  1052 | D:2      | Found a white marble altar of Elyvilon.
  1221 | D:2      | Reached XP level 4. HP: 9/29 MP: 4/4
  1225 | D:2      | Found an iron altar of Okawaru.
  1752 | D:3      | Noticed Jessica
  1762 | D:3      | Reached *** piety under Trog
  1771 | D:3      | Killed Jessica
  1771 | D:3      | Reached skill level 4 in Fighting
  1790 | D:3      | Found a runed translucent door.
  1791 | D:3      | Noticed Crazy Yiuf
  2198 | D:3      | Reached XP level 5. HP: 30/33 MP: 5/5
  2578 | D:3      | Killed Crazy Yiuf
  2690 | D:4      | Reached XP level 6. HP: 27/39 MP: 6/6
  2889 | D:4      | Found an ornate altar of the Wu Jian Council.
  2948 | D:4      | Found a glowing silver altar of Zin.
  3011 | D:4      | Reached **** piety under Trog
  3034 | D:4      | Slain by a hound

Skill      XL: |  1  2  3  4 |
---------------+-------------+-----
Axes           | 3 |  3.9
Dodging        | 2 |  2.9
Armour         | 3 |  3.9
Fighting       | 4 |  4.6

Action                   |  1- 3 |  4- 6 || total
-------------------------+-------+-------++-------
Melee: Hand axe          |   136 |   139 ||   275
Invok: Berserk           |       |     3 ||     3
       Trog's Hand       |       |     1 ||     1
 Stab: Sleeping          |     2 |     1 ||     3
  Eat: Chunk             |     1 |     8 ||     9
Armor: Animal skin       |    68 |    71 ||   139
Dodge: Dodged            |   152 |   132 ||   284
